 Dungeon Crawl Stone Soup version 0.32-a0-859-gb0a091d592 (webtiles) character file.

Game seed: 13815300377729018687

2 greenreed the Trooper (level 1, 0/20 HPs)
             Began as a Minotaur Fighter on Mar 27, 2024.
             Slain by a goblin
             ... wielding a +4 dagger
              (6 damage)
             ... on level 1 of the Dungeon.
             The game lasted 00:00:11 (118 turns).

greenreed the Trooper (Minotaur Fighter)             Turns: 118, Time: 00:00:12

Health: 0/20       AC:  6    Str: 20    XL:     1   Next: 33%
Magic:  0/0        EV:  8    Int:  5    God:
Gold:   4          SH:  4    Dex:  9    Spells: 0/0 levels left

rFire   . . .        a - +0 flail
rCold   . . .        c - +0 buckler
rNeg    . . .        b - +0 scale mail
rPois   .            (helmet restricted)
rElec   .            (no cloak)
rCorr   .            (no gloves)
SInv    .            (no boots)
Will    .....        (no amulet) Stlth
                     (no ring)
HPRegen 0.23/turn    (no ring)
MPRegen 0.07/turn

%: no passive effects
@: no status effects
A: horns 2, retaliatory headbutt
a: no special abilities


You were on level 1 of the Dungeon.
You visited 1 branch of the dungeon, and saw 1 of its levels.

You collected 4 gold pieces.

Inventory:

Hand Weapons
 a - a +0 flail (weapon)
Armour
 b - a +0 scale mail (worn)
 c - a +0 buckler (worn)
Scrolls
 f - a scroll of teleportation {unknown}
 g - a scroll of fear {unknown}
Potions
 d - a potion of might
 e - a potion of mutation {unknown}


   Skills:
 * Level 3.7 Fighting
 * Level 2.5 Maces & Flails
 + Level 3.6 Armour
 + Level 3.6 Shields


You couldn't memorise any spells.
You didn't know any spells.
Your spell library was empty.

Dungeon Overview and Level Annotations

Branches:
Dungeon (1/15)

Altars:


Innate Abilities, Weirdness & Mutations

You have a pair of horns on your head.
You reflexively headbutt those who attack you in melee.


Message History

The dart slug completely misses you.
You hit the dart slug but do no damage.
The dart slug is lightly wounded.
The dart slug bites you but does no damage.
You hit the dart slug but do no damage.
The dart slug is lightly wounded.
The dart slug launches a dart at you. The slug dart hits you.
You hit the dart slug. You headbutt the dart slug.
You kill the dart slug!
No target in view!
HP restored.
You see here a dart slug corpse.
f - a scroll labelled EQOPYN DEV JYH You now have 4 gold pieces.
g - a scroll labelled IGHACLESOF
Found a dagger.
You see here a +0 dagger.
A goblin comes into view. It is wielding a +4 dagger.
Found a scroll labelled HUSMAO SERAR.
The goblin shouts!
The goblin hits you with a +4 dagger.
You hit the goblin but do no damage. You block the goblin's attack.
You miss the goblin. The goblin hits you but does no damage.
You hit the goblin.
The goblin is heavily wounded.
The goblin hits you but does no damage. The goblin hits you with a +4 dagger.
You closely miss the goblin.
The goblin is heavily wounded.
The goblin hits you with a +4 dagger.
You are too injured to fight recklessly!
You are too injured to fight recklessly!
You hit the goblin but do no damage.
The goblin is heavily wounded.
The goblin hits you with a +4 dagger.
* * * LOW HITPOINT WARNING * * *
You closely miss the goblin.
The goblin is moderately wounded.
The goblin barely misses you. The goblin hits you with a +4 dagger.
You die...

##...#. .....
..... ... #...
.?. #..# #.#
#..# #g# #..#
#@# #..# #.#
#..#
#.####..######
#.............
######..###...
####..# #..#
.# #.....#
#..# .#
#.###.# #..#
.# #)###.#
#..##.#


You could see a goblin.

Vanquished Creatures
  A dart slug (D:1)
1 creature vanquished.

Notes
Turn   | Place    | Note
-------+----------+-------------------------------------------
     0 | D:1      | greenreed the Minotaur Fighter began the quest for the Orb.
     0 | D:1      | Reached XP level 1. HP: 19/19 MP: 0/0
   118 | D:1      | Slain by a goblin

Illustrated notes

Levels and vault maps discovered:
D:1:      dpeg_arrival_leaves_temple_mockup, layout_loops_ring, minivault_11

Action                     || total
---------------------------++-------
  Melee: Flail             ||    10
         Headbutt          ||     1
 Armour: Scale mail        ||    11
  Dodge: Dodged            ||     2
  Block: Buckler           ||     1

Table legend: (Time is in decaauts)
 A = Elapsed time spent in this place.
 B = Non-inter-level travel time spent in this place.
 C = Inter-level travel time spent in this place.
 D = Time resting spent in this place.
 E = Time spent auto-exploring this place.
 F = Levels seen in this place.
 G = Mean time per level.
                   A        B        C        D        E       F      G
               +--------+--------+--------+--------+--------+-----+--------+
         Total |    120 |    120 |      0 |      0 |     97 |   1 |  120.0 |
       Dungeon |    120 |    120 |      0 |      0 |     97 |   1 |  120.0 |
               +--------+--------+--------+--------+--------+-----+--------+

Top non-repeatable levels by time:
     D:1: 120 daAuts
